 Dungeon Crawl Stone Soup version 0.18.1-48-g4cf74bf (webtiles) character file.

123346 KarvaRausku the Warrior (level 16, -6/152 HPs)
             Began as a Minotaur Berserker on June 22, 2016.
             Was the Champion of Trog.
             Mangled by a wolf spider (20 damage)
             ... on level 2 of the Spider Nest on Aug 8, 2016.
             The game lasted 01:39:09 (23045 turns).

KarvaRausku the Warrior (Minotaur Berserker)       Turns: 23045, Time: 01:39:10

Health: -6/152     AC: 10    Str: 25    XL:     16   Next: 36%
Magic:  19/19      EV:  9    Int:  6    God:    Trog [******]
Gold:   1687       SH: 15    Dex: 15    Spells: 0 memorised, 15 levels left

rFire  + . .     SeeInvis .     a - +7 trident of Haasi {flame, rPois, Saijan raivo}
rCold  . . .     Gourm    .     k - +2 plate armour {rC+}
rNeg   . . .     Faith    .     q - +2 shield
rPois  +         Spirit   .     (helmet restricted)
rElec  .         Dismiss  +     N - +0 cloak
rCorr  .         Reflect  .     Z - +0 pair of gloves
SustAt .         Harm     .     (no boots)
MR     +....                    j - amulet of dismissal
Stlth  ..........               x - +3 ring of dexterity
                                U - ring of fire

@: exhausted, corroded, slowed, very slow, somewhat resistant to hostile
enchantments, extremely unstealthy
A: retaliatory headbutt, horns 2
a: Berserk, Trog's Hand, Brothers in Arms, Burn Spellbooks, Renounce Religion


You were on level 2 of the Spider Nest.
You worshipped Trog.
Trog was exalted by your worship.
You were hungry.

You visited 5 branches of the dungeon, and saw 24 of its levels.

You collected 1687 gold pieces.

Inventory:

Hand Weapons
 a - the +7 trident of Haasi (weapon) {flame, rPois, Saijan raivo}
   (You found it on level 3 of the Lair of Beasts)

   It has been specially enchanted to burn those struck by it, causing extra
   injury to most foes and up to half again as much damage against particularly
   susceptible opponents.
   It protects you from poison.
 b - a +2 hand crossbow of evasion
 t - a +1 vampiric demon trident
 u - a +1 battleaxe of venom
 B - the +10 hand axe "Lifebane" {vamp, rF++}
   (You found it on level 7 of the Dungeon)

   It inflicts no extra harm, but heals its wielder somewhat when it strikes a
   living foe.
   It greatly protects you from fire.
 E - a +3 antimagic war axe
 F - a +3 executioner's axe of freezing
Missiles
 e - 7 exploding tomahawks (quivered)
 n - 6 javelins
 s - 22 tomahawks
Armour
 k - a +2 plate armour of cold resistance (worn)
 q - a +2 shield (worn)
 D - the +1 robe "Rujoylath" {-Tele +Fly rPois}
   (You found it on level 5 of the Lair of Beasts)

   It protects you from poison.
   It lets you fly.
   It prevents most forms of teleportation.
 N - a +0 cloak (worn)
 Z - a +0 pair of gloves (worn)
Jewellery
 j - an amulet of dismissal (around neck)
 m - an uncursed ring of positive energy
 x - a +3 ring of dexterity (right hand)
 M - an uncursed ring of protection from fire
 U - a ring of fire (left hand)
 W - an uncursed ring of see invisible
Wands
 d - a wand of lightning (5/15)
 y - a wand of iceblast (8/15)
 K - a wand of lightning (2/15)
 P - a wand of iceblast (10/15)
Scrolls
 i - 2 scrolls of magic mapping
 o - 9 scrolls of fog
 r - 7 scrolls of teleportation
 v - a scroll of brand weapon
 w - 2 scrolls of summoning
 C - 3 scrolls of recharging
 Q - a scroll of holy word
 V - a scroll of blinking
 Y - 2 scrolls of remove curse
Potions
 g - a potion of heal wounds
 z - 4 potions of curing
 A - 2 potions of agility
 H - a potion of flight
 I - 5 potions of might
 J - 5 potions of berserk rage
 O - 2 potions of brilliance
 R - 2 potions of invisibility
 T - a potion of haste
Miscellaneous
 l - a fan of gales
 L - a phantom mirror
Comestibles
 c - 12 bread rations
 f - 5 meat rations


   Skills:
 + Level 16.5 Fighting
 - Level 14.9(16.0) Axes
 * Level 10.5(13.9) Polearms
 + Level 4.6 Crossbows
 * Level 15.8 Armour
 - Level 4.1 Dodging
 + Level 12.5 Shields
 - Level 6.4 Evocations


You had 15 spell levels left.
You didn't know any spells.

Dungeon Overview and Level Annotations

Branches:
Dungeon (12/15)            Temple (1/1) D:5            Lair (8/8) D:10
 Shoals (0/4) Lair:5       Spider (2/4) Lair:4        Slime (0/6) Lair:8
    Orc (1/2) D:10

Altars:
Ashenzari
Cheibriados
Dithmenos
Elyvilon
Fedhas
Gozag
Kikubaaqudgha
Makhleb
Nemelex Xobeh
Okawaru
Pakellas
Qazlal
Ru
Sif Muna
Trog
Vehumet
Xom
Yredelemnul
Zin
The Shining One

Shops:
D:4 (   D:5 [

Annotations:
Orc:1 BoredOne's ghost, journeyman DrCj


Innate Abilities, Weirdness & Mutations

You reflexively headbutt those who attack you in melee.
You have a pair of horns on your head.


Message History

You headbutt the entropy weaver! The entropy weaver hits you.
You block the entropy weaver's attack. The entropy weaver hits you!
* * * LOW HITPOINT WARNING * * *
The redback closely misses you. You furiously retaliate!
You headbutt the redback. You block the entropy weaver's attack.
The entropy weaver hits you.
* * * LOW HITPOINT WARNING * * *
The entropy weaver hits you but does no damage.
The entropy weaver hits you!
* * * LOW HITPOINT WARNING * * *
Drink which item? (? for menu, Esc to quit)
You feel better. You block the redback's attack. The wolf spider hits you!
* * * LOW HITPOINT WARNING * * *
You block the wolf spider's attack. The redback barely misses you.
You furiously retaliate!
You headbutt the redback!
The entropy weaver hits you but does no damage.
You block the entropy weaver's attack.
The entropy weaver hits you but does no damage. x2
The wolf spider hits you!!
You die...

## #.. #..# ##
..^#### ..# #...≈
#.# ##..
#.†s##s..§.
#...## ##s≈<.(.#
#...##s####### #
#....@p..#
...#####..s.##
.........##.....#
#....†.<# #..###
####..#.# ..#
#..##.# .## ....
... .. ...^# ....
# .(.# ###.#^


You could see an entropy weaver, 2 wolf spiders, a jumping spider and a redback.

Vanquished Creatures
  Kirke (Lair:8)
  A fire dragon (Lair:8)
  Josephine (Lair:8)
  7 hydras
  4 catoblepae (Lair:8)
  The ghost of Dickchan the Impaler, a journeyman MfGl of Dithmenos (D:10)
  20 death yaks
  Sonja (D:12)
  An unseen horror (D:12)
  3 orb spiders (Spider:1)
  A cyclops (D:12)
  An ugly thing (D:11)
  8 wolf spiders
  3 griffons
  3 manticores (Lair:8)
  A moth of wrath (Spider:1)
  5 elephants
  A siren (Lair:5)
  Psyche (D:11)
  10 black mambas
  13 spiny frogs
  Joseph (D:10)
  A kobold demonologist (D:12)
  6 demonic crawlers
  7 rime drakes
  6 komodo dragons
  4 trolls
  7 jumping spiders
  A boulder beetle (Lair:8)
  33 blink frogs
  16 redbacks
  5 tarantellas (Spider:1)
  5 wraiths (Lair:8)
  4 wyverns (Lair:8)
  4 fire bats (D:8)
  60 yaks
  16 hippogriffs
  A hungry ghost (D:12)
  A steam dragon (Lair:7)
  5 basilisks
  A warg (D:10)
  3 vampire mosquitoes (D:12)
  3 hell hounds
  15 water moccasins
  10 porcupines
  An ice beast (D:11)
  2 phantoms
  8 orc warriors
  5 necrophages
  5 sky beasts
  A wasp (D:8)
  26 wolves
  5 ogres
  18 crocodiles
  2 centaurs
  2 big kobolds
  22 giant frogs
  6 scorpions
  A water moccasin skeleton (D:4)
  10 killer bees
  2 vampire bats (Lair:5)
  5 wights (D:11)
  2 electric eels
  2 howler monkeys
  2 lava snakes (D:8)
  4 crimson imps
  A quasit (D:7)
  A giant frog zombie (D:6)
  4 giant frog skeletons
  7 jellies
  4 hounds
  7 orc priests
  2 centaur skeletons
  8 iguanas
  12 worker ants
  Natasha (thrice) (D:3)
  10 orc wizards
  21 sheep
  3 hound skeletons
  2 worker ant zombies
  Robin (D:3)
  2 howler monkey zombies (D:6)
  A howler monkey skeleton (D:10)
  12 adders
  30 river rats
  2 shadow imps
  4 oozes
  3 adder zombies
  2 worms
  2 dart slugs
  5 giant geckos
  37 orcs
  16 bats
  6 giant cockroaches
  14 goblins
  7 hobgoblins
  8 jackals (D:3)
  3 quokkas
  A giant gecko skeleton (D:5)
  A giant gecko zombie (D:7)
  5 giant newts
  19 kobolds
  12 rats
  A bush (D:6)
  A fire vortex (D:8)
  A plant (Lair:3)
714 creatures vanquished.

Vanquished Creatures (collateral kills)
  3 wolves (Lair:6)
3 creatures vanquished.

Vanquished Creatures (others)
  5 yaks (Lair:8)
  3 humans (Lair:8)
  A hippogriff (Lair:8)
  An ooze (Lair:8)
  2 orcs (Orc:1)
  A bat (D:1)
  2 fire vortices (D:8)
  72 fungi
  37 plants
124 creatures vanquished.

Grand Total: 841 creatures vanquished

Notes
Turn   | Place    | Note
--------------------------------------------------------------
     0 | D:1      | KarvaRausku the Minotaur Berserker began the quest for the Orb.
     0 | D:1      | Reached XP level 1. HP: 19/19 MP: 0/0
   377 | D:1      | Reached skill level 4 in Fighting
   396 | D:1      | Reached XP level 2. HP: 22/27 MP: 1/1
  1122 | D:2      | Found a burning altar of Makhleb.
  1178 | D:2      | Reached XP level 3. HP: 25/34 MP: 2/2
  1253 | D:2      | Reached ** piety under Trog
  1556 | D:2      | Reached skill level 5 in Fighting
  1717 | D:3      | Reached XP level 4. HP: 42/42 MP: 3/3
  1760 | D:3      | Noticed Natasha
  1778 | D:3      | Killed Natasha
  1778 | D:3      | Reached skill level 5 in Axes
  1959 | D:3      | Noticed Natasha
  1968 | D:3      | Killed Natasha
  1968 | D:3      | Reached XP level 5. HP: 47/50 MP: 4/4
  2024 | D:3      | Reached *** piety under Trog
  2092 | D:3      | Noticed Robin
  2109 | D:3      | Reached skill level 6 in Fighting
  2123 | D:3      | Killed Robin
  2157 | D:3      | Found a shimmering altar of Xom.
  2180 | D:3      | Noticed Natasha
  2189 | D:3      | Killed Natasha
  2309 | D:3      | Reached **** piety under Trog
  2309 | D:3      | Reached XP level 6. HP: 58/58 MP: 5/5
  2803 | D:4      | Found Lefity's Weapon Shop.
  2956 | D:4      | Reached skill level 7 in Fighting
  3204 | D:4      | Found an ancient bone altar of Kikubaaqudgha.
  3204 | D:4      | Found a glowing silver altar of Zin.
  3205 | D:4      | Found a bloodstained altar of Trog.
  3277 | D:5      | Entered Level 5 of the Dungeon
  3344 | D:5      | Found Jemeegiq's Armour Emporium.
  3416 | D:5      | Reached XP level 7. HP: 66/66 MP: 6/6
  3454 | D:5      | Reached skill level 1 in Polearms
  3800 | D:5      | Found a staircase to the Ecumenical Temple.
  4059 | D:6      | Reached skill level 8 in Fighting
  4168 | D:6      | Found a stormy altar of Qazlal.
  4235 | D:6      | Reached skill level 5 in Armour
  4348 | D:6      | Reached XP level 8. HP: 64/75 MP: 7/7
  4513 | D:6      | Found a blossoming altar of Fedhas.
  4623 | D:6      | Reached skill level 1 in Shields
  4753 | D:7      | Reached skill level 5 in Polearms
  4783 | D:7      | Got a pitted hand axe
  4832 | D:7      | Reached skill level 9 in Fighting
  4874 | D:7      | Identified the +10 hand axe "Lifebane" {vamp, rF++} (You found it on level 7 of the Dungeon)
  5322 | D:8      | Found an iron altar of Okawaru.
  5335 | D:8      | Reached ***** piety under Trog
  5345 | D:8      | Reached XP level 9. HP: 79/83 MP: 8/8
  5449 | D:8      | Found an oddly glowing altar of Pakellas.
  5687 | D:8      | Reached skill level 5 in Shields
  5691 | D:8      | Reached skill level 10 in Fighting
  5727 | D:8      | Got a brightly glowing great sword
  5822 | D:8      | Found a blossoming altar of Fedhas.
  6449 | D:9      | Reached XP level 10. HP: 94/94 MP: 9/9
  6753 | D:10     | Entered Level 10 of the Dungeon
  6808 | D:10     | Found a staircase to the Lair.
  6808 | D:10     | Noticed an elephant
  6811 | D:10     | Noticed Dickchan's ghost (journeyman MfGl)
  6838 | D:10     | HP: 1/94 [Dickchan's ghost/spray of energy (19)]
  7297 | D:10     | Killed Dickchan's ghost
  7341 | D:10     | Received a gift from Trog
  7390 | D:10     | Reached skill level 11 in Fighting
  7409 | D:10     | Noticed Joseph
  7422 | D:10     | Killed Joseph
  7577 | D:10     | Found a staircase to the Orcish Mines.
  7633 | D:10     | Reached skill level 10 in Armour
  7639 | D:10     | Reached skill level 10 in Axes
  7672 | D:10     | Killed an elephant
  7672 | D:10     | Reached XP level 11. HP: 104/104 MP: 10/10
  8045 | D:11     | Identified the +3 great sword "Giantbane" {antimagic, rC+ Stlth+} (You found it on level 8 of the Dungeon)
  8402 | D:11     | Noticed Psyche
  8406 | D:11     | Killed Psyche
  8440 | D:11     | Noticed a cyan ugly thing
  8572 | D:11     | Killed a cyan ugly thing
  8572 | D:11     | Reached skill level 12 in Fighting
  8828 | D:12     | Noticed Sonja
  8922 | D:12     | Found a shadowy altar of Dithmenos.
  8958 | D:12     | Killed Sonja
  9016 | D:12     | Noticed a soul eater
  9320 | D:12     | Killed an unseen horror
  9320 | D:12     | Received a gift from Trog
  9639 | D:11     | You fall through a shaft!
  9742 | Orc:1    | Entered Level 1 of the Orcish Mines
  9749 | D:10     | Reached skill level 1 in Evocations
  9921 | Orc:1    | Found a burning altar of Makhleb.
  9936 | Orc:1    | Noticed BoredOne's ghost (journeyman DrCj)
  9941 | Orc:1    | Noticed an orc warlord
  9946 | Orc:1    | Noticed an orc sorcerer
  9953 | Orc:1    | Noticed a soul eater
  9961 | Orc:1    | Noticed an orc sorcerer
 10265 | Lair:1   | Entered Level 1 of the Lair of Beasts
 10484 | Lair:1   | Reached skill level 13 in Fighting
 10484 | Lair:1   | Reached XP level 12. HP: 115/115 MP: 12/12
 10491 | Lair:1   | Reached ****** piety under Trog
 10495 | Lair:1   | Reached skill level 10 in Shields
 11429 | Lair:2   | Received a gift from Trog
 12025 | Lair:2   | Upgraded the game from 0.18.1-47-g9310371 to 0.18.1-48-g4cf74bf
 12511 | Lair:3   | Noticed a four-headed hydra
 12556 | Lair:3   | Reached skill level 14 in Fighting
 12649 | Lair:3   | Got a transparent trident
 12659 | Lair:3   | Identified the +7 trident of Haasi {flame, rPois} (You found it on level 3 of the Lair of Beasts)
 12677 | Lair:3   | Noticed a six-headed hydra
 12684 | Lair:3   | Killed a six-headed hydra
 12927 | Lair:4   | Found a hole to the Spider Nest.
 12943 | Lair:4   | Received a gift from Trog
 13655 | Lair:4   | Noticed a six-headed hydra
 13663 | Lair:4   | Killed a six-headed hydra
 13663 | Lair:4   | Reached XP level 13. HP: 120/124 MP: 14/14
 14164 | Temple   | Entered the Ecumenical Temple
 14790 | Lair:5   | Got a fabulously ornate robe
 14932 | Lair:5   | Found a staircase to the Shoals.
 15040 | Lair:5   | Received a gift from Trog
 16534 | Lair:6   | Reached skill level 5 in Evocations
 17248 | Lair:7   | Reached skill level 15 in Fighting
 17468 | Lair:7   | Received a gift from Trog
 18354 | Lair:8   | Entered Level 8 of the Lair of Beasts
 18378 | Lair:8   | Reached XP level 14. HP: 133/135 MP: 17/17
 18413 | Lair:8   | Noticed Kirke
 18424 | Lair:8   | Killed Kirke
 18506 | Lair:8   | Received a gift from Trog
 18753 | Lair:8   | Noticed Josephine
 19040 | Lair:8   | Killed Josephine
 19653 | Lair:8   | Reached skill level 16 in Fighting
 20035 | Lair:8   | Reached skill level 15 in Armour
 20046 | Lair:8   | Received a gift from Trog
 20395 | Lair:8   | Found a staircase to the Slime Pits.
 20460 | Lair:8   | Reached XP level 15. HP: 41/144 MP: 18/18
 20739 | Lair:8   | Reached XP level 16. HP: 105/151 MP: 19/19
 21690 | Spider:1 | Entered Level 1 of the Spider Nest
 21939 | Lair:6   | Identified the +1 robe "Rujoylath" {-Tele +Fly rPois} (You found it on level 5 of the Lair of Beasts)
 22153 | Spider:1 | Reached skill level 10 in Polearms
 22197 | Spider:1 | Received a gift from Trog
 23045 | Spider:2 | Mangled by a wolf spider

Skill      XL: |  1  2  3  4  5  6  7  8  9 10 11 12 13 14 15 16 |
---------------+-------------------------------------------------+-----
Fighting       | 4 5 6 7 8 9 10 11 13 14 15 16 | 16.5
Axes           | 4 5 6 7 8 10 11 12 13 14 | 14.9
Armour         | 3 5 6 8 10 11 12 14 15 | 15.8
Polearms       | 3 5 6 8 9 10 | 10.5
Shields        | 3 6 8 9 10 11 12 | 12.5
Evocations     | 1 3 5 6 |  6.4
Crossbows      | 3 4 |  4.6
Dodging        | 4 |  4.1

Action                   |  1- 3 |  4- 6 |  7- 9 | 10-12 | 13-15 | 16-18 || total
-------------------------+-------+-------+-------+-------+-------+-------++-------
Melee: Hand axe          |    90 |   171 |   118 |   723 |       |       ||  1102
       Headbutt          |    11 |    33 |    66 |   164 |   258 |    76 ||   608
       Spear             |       |    21 |   196 |       |       |       ||   217
       Trident           |       |       |       |    67 |   985 |   253 ||  1305
Throw: Javelin           |       |       |       |       |       |     2 ||     2
Invok: Berserk           |       |     2 |       |     4 |     2 |     1 ||     9
       Burn Spellbooks   |       |       |       |     3 |     3 |     1 ||     7
       Brothers in Arms  |       |       |       |       |     1 |       ||     1
Evoke: Wand              |       |       |     1 |       |     5 |       ||     6
  Use: Scroll            |       |     6 |     2 |    20 |     9 |     5 ||    42
       Potion            |       |     2 |     6 |     6 |     6 |     2 ||    22
 Stab: Distracted        |       |       |       |       |     1 |       ||     1
  Eat: Chunk             |     3 |     2 |     6 |    10 |    12 |       ||    33
       Meat ration       |       |     1 |       |     1 |     1 |     1 ||     4
       Fruit             |       |       |     5 |    20 |     9 |       ||    34
       Pizza             |       |       |     2 |     1 |       |       ||     3
       Beef jerky        |       |       |     1 |     3 |     3 |       ||     7
       Bread ration      |       |       |       |     1 |       |       ||     1
Armor: Animal skin       |    12 |       |       |       |       |       ||    12
       Plate armour      |    43 |   108 |   117 |   287 |   317 |   119 ||   991
Dodge: Dodged            |    46 |    50 |    36 |   116 |   172 |    67 ||   487
Block: Shield            |       |       |    78 |   395 |   426 |   175 ||  1074
